 Dungeon Sprint DCSS version 0.31-a0-369-g8eba5f6939 (webtiles) character file.

Game seed: 17458456837271778973

247 rocky1 the Mimic (level 5, -1/60 HPs)
             Began as a Draconian Shapeshifter on July 28, 2023.
             Succumbed to a scorpion's poison
             ... in the Dungeon (Sprint IX: "|||||||||||||||||||||||||||||").
             The game lasted 00:00:27 (33 turns).

rocky1 the Mimic (Draconian Shapeshifter)             Turns: 33, Time: 00:00:28

Health: -1/60      AC:  5    Str: 18    XL:     5   Next: 85%
Magic:  5/5        EV: 13    Int:  8    God:
Gold:   0          SH:  0    Dex: 13    Spells: 4/4 levels left

rFire   . .          .
                       - Unarmed
rCold   . . .        (no shield)
rNeg    . . .        (body armour unavailable)
rPois   .            (helmet currently unavailable)
rElec   .            (cloak currently unavailable)
rCorr   .            (gloves currently unavailable)
SInv    .            (boots currently unavailable)
Will    .....        (no amulet) Stlth
                     (no ring)
HPRegen 0.30/turn    (no ring)
MPRegen 0.09/turn

%: no teleportation
@: berserking (expiring), lethally poisoned (-1 -> -11), beast-form, very quick
A: beast (slay +5), AC +5, unfitting armour, cold-blooded
a: Begin Untransformation


You were in the Dungeon.
You were a hulking beast.
You visited 1 branch

Inventory:

Talismans
 b - a beast talisman
Scrolls
 h - a scroll of blinking
Potions
 a - a potion of lignification
 c - a potion of curing
 d - a potion of heal wounds
 e - a potion of haste
 f - 2 potions of magic


   Skills:
 + Level 1.1 Fighting
 + Level 3.6 Dodging
 + Level 7.9 Unarmed Combat
 + Level 8.2 Shapeshifting


You had 4 spell levels left.
You didn't know any spells.
Your spell library was empty.

Dungeon Overview and Level Annotations

Branches:
Dungeon (1/1)

Altars:


Innate Abilities, Weirdness & Mutations

You are a hulking beast.
Your limbs bulge with bestial killing power. (Slay +5)
Your plain brown scales are hard. (AC +5)
You cannot fit into any form of body armour.
You are cold-blooded and may be slowed by cold attacks.


Message History

You have reached level 3!
Your experience leads to an increase in your attributes!
Increase (S)trength, (I)ntelligence, or (D)exterity?
You feel agile. x2; Your scales feel tougher.
You have reached level 4!
You feel stronger.
You barely miss the ufetubus. The ufetubus barely misses you.
The ufetubus hits you.
* * * LOW HITPOINT WARNING * * *
You punch the ufetubus!
You kill the ufetubus!
You completely miss the ice beast. You punch the ice beast!
You tail-slap the ice beast.
The ice beast is severely wounded.
The ice beast hits you but does no damage.
You punch the ice beast!
You kill the ice beast!
Your Dodging skill increases to level 3!
Your Unarmed Combat skill gained 2 levels and is now at level 7!
Your Shapeshifting skill increases to level 7!
You have reached level 5!
Unknown command.
You punch the adder!
You kill the adder!
The scorpion stings you but does no damage.
There is an open door, spattered with blood here.
You see here a +0 giant club.
You barely miss the scorpion. The scorpion stings you.
* * * LOW HITPOINT WARNING * * *
Unknown command.
You closely miss the scorpion. The scorpion stings you.
* * * LOW HITPOINT WARNING * * *
You are lethally poisoned!
The scorpion poisons you!
You pummel the scorpion!!
You kill the scorpion!
* * * LOW HITPOINT WARNING * * *
You feel very sick.
Your Shapeshifting skill increases to level 8!
You die...

▓.▓
▓'▓
▓†▓
▓.▓
▓.▓
▓.▓
▓.▓
▓)▓
▓h▓
▓.▓
▓.▓
▓.▓
▓.▓
▓+▓


There were no monsters in sight!

Vanquished Creatures
  An ice beast (D)
  An ogre (D)
  A scorpion (D)
  An adder (D)
  An ufetubus (D)
  2 endoplasms (D)
  A ball python (D)
  2 rats (D)
10 creatures vanquished.

Notes
Turn   | Place    | Note
-------+----------+-------------------------------------------
     0 | D        | rocky1 the Draconian Shapeshifter began the quest for the
                  | Orb.
     0 | D        | Reached XP level 1. HP: 16/16 MP: 1/1
    18 | D        | Noticed an ogre
    18 | D        | Noticed an ice beast
    18 | D        | Noticed a scorpion
    22 | D        | Killed an ogre
    23 | D        | Reached skill level 5 in Unarmed Combat
    23 | D        | Reached skill level 6 in Shapeshifting
    23 | D        | Reached XP level 2. HP: 5/23 MP: 2/2
    23 | D        | Reached XP level 3. HP: 7/28 MP: 3/3
    23 | D        | Reached XP level 4. HP: 8/35 MP: 4/4
    27 | D        | Killed an ice beast
    28 | D        | Reached skill level 7 in Shapeshifting
    28 | D        | Reached XP level 5. HP: 8/40 MP: 5/5
    32 | D        | HP: 1/60 [poisoned by a scorpion]
    33 | D        | Reached skill level 8 in Shapeshifting
    33 | D        | Succumbed to a scorpion's poison

Illustrated notes

Levels and vault maps discovered:
D:        linesprint [early_d, line_temple, items_1, d_10, items_2, lair_1,
          lair_end, items_3, orc_1, orc_end, items_4, d_15, swamp_1, shoals_1,
          snake_1, spider_1, d_20, vaults_1, items_5, swamp_end, shoals_end,
          snake_end, spider_end, vaults_end, d_27, items_6, zot_1, zot_end,
          crypt_end, forest_end, elf_end, slime_end, tomb_end, abyss_end,
          pan_hell_end]

Skill      XL: |  1  2  3  4  5 |
---------------+----------------+-----
Dodging        | 2 3 |  3.6
Unarmed Combat | 5 7 |  7.9
Shapeshifting  | 6 7 8 |  8.2
Fighting       | |  1.1

Action                     |  1- 3 |  4- 6 || total
---------------------------+-------+-------++-------
  Melee: Unarmed           |    11 |     9 ||    20
         Tailslap          |     1 |     1 ||     2
    Use: Potion            |     1 |       ||     1
 Armour: Skin              |       |     2 ||     2
  Dodge: Dodged            |     2 |     1 ||     3

Table legend: (Time is in decaauts)
 A = Elapsed time spent in this place.
 B = Non-inter-level travel time spent in this place.
 C = Inter-level travel time spent in this place.
 D = Time resting spent in this place.
 E = Time spent auto-exploring this place.
 F = Levels seen in this place.
 G = Mean time per level.
                   A        B        C        D        E       F      G
               +--------+--------+--------+--------+--------+-----+--------+
         Total |     28 |     28 |      0 |      0 |      0 |   1 |   28.0 |
       Dungeon |     28 |     28 |      0 |      0 |      0 |   1 |   28.0 |
               +--------+--------+--------+--------+--------+-----+--------+

Top non-repeatable levels by time:
       D: 28 daAuts
